 Dungeon Crawl Stone Soup version 0.30.0 (webtiles) character file.

Game seed: 7719423201032375529

6 Kenran the Sneak (level 1, -1/19 HPs)
             Began as a Minotaur Delver on May 6, 2023.
             Slain by a hound (5 damage)
             ... on level 5 of the Dungeon.
             The game lasted 00:00:54 (203 turns).

Kenran the Sneak (Minotaur Delver)                   Turns: 203, Time: 00:00:54

Health: -1/19      AC:  3    Str: 16    XL:     1   Next: 75%
Magic:  0/0        EV: 11    Int:  7    God:
Gold:   0          SH:  0    Dex: 11    Spells: 0/0 levels left

rFire   . . .        a - +0 mace
rCold   . . .        (no shield)
rNeg    . . .        b - +0 leather armour
rPois   .            (helmet restricted)
rElec   .            (no cloak)
rCorr   .            (no gloves)
SInv    .            (no boots)
Will    .....        G - amulet of guardian spirit
Stlth   ++           (no ring)
HPRegen 0.23/turn    (no ring)
MPRegen 0.07/turn

%: guardian spirit
@: hasted, very quick
A: horns 2, retaliatory headbutt
a: no special abilities


You were on level 5 of the Dungeon.
You visited 1 branch of the dungeon, and saw 1 of its levels.


Innate Abilities, Weirdness & Mutations

You have a pair of horns on your head.
You reflexively headbutt those who attack you in melee.


   Skills:
 - Level 3.6 Fighting
 + Level 3.2 Maces & Flails
 - Level 2.1 Dodging
 - Level 4.1 Stealth


You couldn't memorise any spells.
You didn't know any spells.
Your spell library was empty.

Inventory:

Hand Weapons
 a - a +0 mace (weapon)
Armour
 b - a +0 leather armour (worn)
Jewellery
 G - an amulet of guardian spirit (around neck)
   (You found it on level 5 of the Dungeon)
Wands
 g - a wand of digging (3)
Scrolls
 c - a scroll of fog
 d - a scroll of magic mapping {!r}
 h - a scroll of identify {unknown}

Dungeon Overview and Level Annotations

Branches:
Dungeon (5/15) Zot: 5797
 Temple: D:4-7

Altars:

#......#####.#..######.
####............### #.
#.#######.##..... #.
#########.##.####.#.
........##.####...
..................
#######.##......#.
###########......#.
#.@.......l......#.
#h#########......#. ...
#......#. #...
#......#. #...
#.#.##... #... #.#.#
### #... #.#.. .... ..
!.


You could see a hound.


Message History

Options error: Missing colour in message_colour setting: 'and clutches his wounds' Options error: Missing colour in message_colour setting: '\"What am I doing in here\?\"' Options error: Missing colour in message_colour setting: 'briefly' Options error: Missing colour in message_colour setting: 'now there\.\"' Options error: Missing colour in message_colour setting: 'my child' Options error: Missing colour in message_colour setting: 'mortal' Options error: Missing colour in message_colour setting: 'you see no one' Options error: Missing colour in message_colour setting: 'you\'re it!\"' Options error: Missing colour in message_colour setting: 'Boring in death\"' Options error: Missing colour in message_colour setting: 'baby\' Options error: Missing colour in message_colour setting: 'burn!\"' Options error: Missing colour in message_colour setting: 'mortal\.\"' Options error: Missing colour in message_colour setting: 'my child!\"' Options error: Missing colour in message_colour setting: 'this looks better\.\"' Options error: Missing colour in message_colour setting: 'my child!\"' Options error: Missing colour in message_colour setting: 'my (child|children)!\"' Options error: Missing colour in message_colour setting: 'stopping explore' Welcome, Kenran the Minotaur Delver.
The Orb of Zot is coveted for many reasons.
Will you seize it for your own?
Press ? for a list of commands and other information.
Found a stone staircase leading down.
G - an amulet of guardian spirit You start putting on your amulet.
You continue putting on your amulet of guardian spirit. x5
You finish putting on your amulet of guardian spirit.
You feel your power drawn to a protective spirit.
G - an amulet of guardian spirit (around neck)
h - a scroll labelled TOURY MYSYFU An adder comes into view.
Found a stone staircase leading down.
An orc comes into view. It is wielding a +0 short sword.
The orc shouts!
You hear a shout! x2
An orc comes into view. It is wielding a +0 whip.
An orc comes into view. It is wielding a +0 club.
A white imp comes into view.
The orc misses you.
You closely miss the orc. The orc barely misses you.
You sock the orc!
You kill the orc!
You hit the orc.
The orc hits you with a +0 whip. 😕 HP[-1]
You take 1 damage, and now have 18/19 hp.
You barely miss the orc. You headbutt the orc!
You kill the orc!
The orc barely misses you. 😎 HP[+1]
Your hp is fully restored (19).
You sock the orc!
You kill the orc!
Your Maces & Flails skill increases to level 3!
No target in view!
No target in view!
Items here: ))) [ ††.
i - a +0 leather armour You drop a +0 leather armour.
An iguana comes into view.
The iguana hisses angrily.
Okay, then.
You see here a book of Winter.
The white imp gestures at you. The puff of frost misses you.
The white imp gestures at you. The puff of frost misses you.
The white imp gestures at you. The puff of frost misses you.
A hound comes into view.
The hound barks!
You feel yourself speed up. The hound bites you. 😕 HP[-2]
You take 2 damage, and now have 17/19 hp.
You hit the hound but do no damage. Your headbutt misses the hound.
The hound stops to sniff the ground.
The hound misses you. The iguana misses you. You furiously retaliate!
You headbutt the iguana. 😕 HP[+1]
You thump the hound! The hound bites you but does no damage.
The iguana bites you!
Ouch! That really hurt!
* * * LOW HITPOINT WARNING * * *
😨 HP[-11]
You take 11 damage, and now have 7/19 hp.
MASSIVE DAMAGE!! (PAUSE)
You hit the iguana. The hound bites you.
* * * LOW HITPOINT WARNING * * *
The hound barely misses you. 😨 HP[-2]
You take 2 damage, and now have 5/19 hp.
Unknown command.
As you read the scroll of fear, it crumbles to dust.
You assume a fearsome visage.
The hound looks frightened!
The iguana looks frightened!
The white imp looks frightened! 😨 HP[+1]
You hit the hound.
Your attack snaps the hound out of its fear.
The hound barely misses you.
You hit the hound. The hound bites you.
* * * LOW HITPOINT WARNING * * *
The hound bites you.
You die...

Skill      XL: |  1 |
---------------+----+-----
Maces & Flails | 3 |  3.2
Fighting       | |  3.6
Dodging        | |  2.1
Stealth        | |  4.1

Action                     || total
---------------------------++-------
  Melee: Mace              ||    10
         Headbutt          ||     1
    Use: Scroll            ||     1
         Potion            ||     1
 Armour: Leather armour    ||     1
  Dodge: Dodged            ||    10

Levels and vault maps discovered:
D:5:      layout_basic, minmay_circle_x, uniq_duvessa

Notes
Turn   | Place    | Note
-------+----------+-------------------------------------------
     0 | D:5      | Kenran the Minotaur Delver began the quest for the Orb.
     0 | D:5      | Reached XP level 1. HP: 19/19 MP: 0/0
     0 | D:5      | magus.rc [v1.11.6]
   127 | D:5      | Reached skill level 3 in Maces & Flails
   146 | D:5      | Noticed an iguana
   190 | D:5      | Noticed a hound
   203 | D:5      | HP: 4/19 [hound (2)]
   203 | D:5      | Slain by a hound

Vanquished Creatures
  3 orcs (D:5)
3 creatures vanquished.

Table legend:
 A = Non-vault XP
 B = Vault XP
 C = Vault XP percentage of total XP
 D = Non-vault monster count
 E = Vault monster count
 F = Vault count percentage of total count
                 A         B        C        D         E       F
            +---------+---------+-------+---------+---------+-------
      Total |       9 |       0 |   0.0 |       3 |       0 |   0.0
            +---------+---------+-------+---------+---------+-------
        D:5 |       9 |       0 |   0.0 |       3 |       0 |   0.0
            +---------+---------+-------+---------+---------+-------

Skill      XL: |  1 |
---------------+----+-----
Maces & Flails | 3 |  3.2
Fighting       | |  3.6
Dodging        | |  2.1
Stealth        | |  4.1

Action                     || total
---------------------------++-------
  Melee: Mace              ||    10
         Headbutt          ||     1
    Use: Scroll            ||     1
         Potion            ||     1
 Armour: Leather armour    ||     1
  Dodge: Dodged            ||    10

Illustrated notes

Table legend:
 A = Kills in this place as a percentage of kills in the entire game.
 B = Kills by you in this place as a percentage of kills by you in the entire game.
 C = Kills by friends in this place as a percentage of kills by friends in the entire game.
 D = Other kills in this place as a percentage of other kills in the entire game.
 E = Experience gained in this place as a percentage of experience gained in the entire game.
 F = Experience gained in this place divided by the number of levels of this place that you have seen.
                   A       B       C       D       E      F
               +-------+-------+-------+-------+-------+----------------------
         Total | 100.0 | 100.0 |   N/A |   N/A | 100.0 |   9.0
       Dungeon | 100.0 | 100.0 |   N/A |   N/A | 100.0 |   9.0
               +-------+-------+-------+-------+-------+----------------------

Table legend: (Time is in decaauts)
 A = Elapsed time spent in this place.
 B = Non-inter-level travel time spent in this place.
 C = Inter-level travel time spent in this place.
 D = Time resting spent in this place.
 E = Time spent auto-exploring this place.
 F = Levels seen in this place.
 G = Mean time per level.
                   A        B        C        D        E       F      G
               +--------+--------+--------+--------+--------+-----+--------+
         Total |    202 |    202 |      0 |      0 |      0 |   1 |  202.0 |
       Dungeon |    202 |    202 |      0 |      0 |      0 |   1 |  202.0 |
               +--------+--------+--------+--------+--------+-----+--------+

Top non-repeatable levels by time:
     D:5: 202 daAuts
